 Dungeon Crawl Stone Soup version 0.28.0 (webtiles) character file.

Game seed: 17081612375298137485

20 Prodoman the Magician (level 2, 0/20 HPs)
             Began as a Demonspawn Hedge Wizard on Feb 4, 2022.
             Slain by a quokka (2 damage)
             ... on level 2 of the Dungeon.
             The game lasted 00:03:05 (1440 turns).

Prodoman the Magician (Demonspawn Hedge Wizard)     Turns: 1440, Time: 00:03:05

Health: 0/20       AC:  2    Str: 10    XL:     2   Next: 58%
Magic:  2/6        EV: 12    Int: 15    God:
Gold:   52         SH:  0    Dex: 12    Spells: 5/7 levels left

rFire   . . .      SeeInvis .   a - +0 dagger
rCold   . . .      Faith    .   (no shield)
rNeg    . . .      Spirit   .   b - +0 robe
rPois   .          Reflect  .   c - +0 hat
rElec   .          Harm     .   (no cloak)
rCorr   .          Rampage  .   (no gloves)
Will    .....                   (no boots)
Stlth   ++........              (no amulet)
HPRegen 0.06/turn               (no ring)
MPRegen 0.10/turn               (no ring)

@: no status effects
A: powered by death 1
a: no special abilities


You were on level 2 of the Dungeon.
You visited 1 branch of the dungeon, and saw 2 of its levels.

You collected 52 gold pieces.

Inventory:

Hand Weapons
 a - a +0 dagger (weapon)
Missiles
 h - 2 javelins
Armour
 b - a +0 robe (worn)
 c - a +0 hat (worn)
Scrolls
 d - a scroll of amnesia {unknown}
 f - a scroll of fog {unknown}
 g - a scroll of enchant armour {unknown}
 i - a scroll of summoning {unknown}
 j - a scroll of fear {unknown}
Potions
 e - 2 potions of curing {unknown}


   Skills:
 + Level 0.8 Fighting
 + Level 0.6 Armour
 + Level 2.0 Dodging
 - Level 1.7 Stealth
 + Level 3.1 Spellcasting
 + Level 1.4 Conjurations
 - Level 1.0 Summonings
 - Level 0.8 Translocations


You had 5 spell levels left.
You knew the following spells:

 Your Spells              Type           Power      Damage    Failure   Level
a - Magic Dart            Conj           24%        1d4       11%         1
b - Slow                  Hex            8%         N/A       21%         1

Your spell library contained the following spells:

 Spells                   Type           Power      Damage    Failure   Level
 Call Imp                 Summ           5%         N/A       21%         2
 Blink                    Tloc           8%         N/A       22%         2
 Conjure Flame            Conj/Fire      4%         6-21      41%         3
 Mephitic Cloud           Conj/Pois/Air  3%         N/A       43%         3


Dungeon Overview and Level Annotations

Branches:
Dungeon (2/15)

Altars:


Innate Abilities, Weirdness & Mutations

You regenerate a little health from kills.


Message History

The hobgoblin misses you.
You hit the hobgoblin but do no damage. The hobgoblin closely misses you.
The hobgoblin hits you.
* * * LOW HITPOINT WARNING * * *
You closely miss the hobgoblin. The hobgoblin hits you.
* * * LOW HITPOINT WARNING * * *
The hobgoblin closely misses you.
You hit the hobgoblin.
The hobgoblin is heavily wounded.
A bat comes into view.
The hobgoblin hits you but does no damage.
The hobgoblin hits you.
* * * LOW HITPOINT WARNING * * *
A quokka comes into view.
You hit the hobgoblin.
You kill the hobgoblin!
The hobgoblin hits you.
* * * LOW HITPOINT WARNING * * *
You see here a hobgoblin corpse.
The bat hits you but does no damage.
You hit the hobgoblin but do no damage.
The hobgoblin is moderately wounded.
The bat misses you. The quokka bites you.
* * * LOW HITPOINT WARNING * * *
The hobgoblin closely misses you. The quokka bites you.
* * * LOW HITPOINT WARNING * * *
You hit the hobgoblin.
The hobgoblin is heavily wounded.
The bat barely misses you. The hobgoblin closely misses you.
The quokka misses you.
You hit the hobgoblin but do no damage.
The hobgoblin is heavily wounded.
The bat closely misses you. The hobgoblin barely misses you.
The quokka bites you.
* * * LOW HITPOINT WARNING * * *
You hit the hobgoblin.
You kill the hobgoblin!
The bat closely misses you. The quokka misses you. The quokka bites you.
You die...

#......†..#
###.........## #
.............# #.
#.......(..# ####.
#.......#.# .....#
##.....##.#
....#####..######.#
#b.##...## #.#
#.@..### #.# #r.###
#.# #..... .#
..#......
#.##.......# #.
......... .
........#. .
#.......#


You could see a quokka and a bat.

Vanquished Creatures
  3 bats (D:2)
  4 endoplasms
  A giant cockroach (D:2)
  2 hobgoblins (D:2)
  A kobold (D:2)
  2 quokkas (D:1)
  A ball python (D:1)
  3 frilled lizards (D:1)
  A rat (D:1)
18 creatures vanquished.

Notes
Turn   | Place    | Note
-------+----------+-------------------------------------------
     0 | D:1      | Prodoman the Demonspawn Hedge Wizard began the quest for
                  | the Orb.
     0 | D:1      | Reached XP level 1. HP: 13/13 MP: 4/4
  1059 | D:1      | Gained mutation: You regenerate a little health from kills.
                  | [demonic ancestry]
  1059 | D:1      | Reached XP level 2. HP: 20/20 MP: 6/6
  1182 | D:1      | Learned a level 1 spell: Slow
  1440 | D:2      | Slain by a quokka

Illustrated notes

Levels and vault maps discovered:
D:1:      heliophobic_arrival_enchanted_forest, layout_basic,
          minmay_misc_feat_roman
D:2:      layout_rooms, minmay_misc_feat_iff, grunt_decor_one_mirror,
          minmay_ruptured

Skill      XL: |  1 |
---------------+----+-----
Dodging        | 2 |  2.0
Fighting       | |  0.8
Armour         | |  0.6
Stealth        | |  1.7
Spellcasting   | |  3.1
Conjurations   | |  1.4
Summonings     | |  1.0
Translocations | |  0.8

Action                   || total
-------------------------++-------
Melee: Dagger            ||    49
       Punch             ||     1
Throw: Javelin           ||     2
 Cast: Magic Dart        ||    27
Armor: Robe              ||    11
Dodge: Dodged            ||    56
